 Dungeon Crawl Stone Soup version 0.29-a0-1052-g6990b1bffc (webtiles) character file.

Game seed: 4089552051310956951

9 Nedwor the Slasher (level 2, 17/22 HPs)
             Began as a Demonspawn Gladiator on Aug 17, 2022.
             Quit the game on level 1 of the Dungeon.
             The game lasted 00:00:26 (119 turns).

Nedwor the Slasher (Demonspawn Gladiator)            Turns: 119, Time: 00:00:26

Health: 17/22      AC:  4    Str: 14    XL:     2   Next: 3%
Magic:  2/2        EV: 12    Int:  9    God:
Gold:   0          SH:  0    Dex: 14    Spells: 1/1 levels left

rFire   . . .      SeeInvis .   a - +0 long sword
rCold   . . .      Faith    .   (no shield)
rNeg    . . .      Spirit   .   b - +0 leather armour
rPois   .          Reflect  .   c - +0 helmet
rElec   .          Harm     .   (no cloak)
rCorr   .          Rampage  .   (no gloves)
Will    .....                   (no boots)
Stlth   +.........              (no amulet)
HPRegen 0.07/turn               (no ring)
MPRegen 0.08/turn               (no ring)

@: no status effects
A: claws 1
a: no special abilities


You were on level 1 of the Dungeon.
You visited 1 branch of the dungeon, and saw 1 of its levels.

Inventory:

Hand Weapons
 a - a +0 long sword (weapon)
Missiles
 e - a javelin (quivered)
Armour
 b - a +0 leather armour (worn)
 c - a +0 helmet (worn)
Scrolls
 d - a scroll of summoning {unknown}
 f - a scroll of identify {unknown}


   Skills:
 + Level 2.1 Fighting
 * Level 2.9 Long Blades
 - Level 1.7 Throwing
 + Level 0.4 Armour
 + Level 2.8 Dodging


You had one spell level left.
You didn't know any spells.
Your spell library was empty.

Dungeon Overview and Level Annotations

Branches:
Dungeon (1/15)

Altars:


Innate Abilities, Weirdness & Mutations

You have sharp fingernails.


Message History

The kobold misses you.
You hit the kobold.
The kobold is heavily wounded.
The kobold hits you but does no damage. The kobold closely misses you.
You hit the kobold but do no damage.
The kobold is heavily wounded.
The kobold misses you.
You hit the kobold.
The kobold is severely wounded.
The kobold hits you with a +0 short sword.
A quokka comes into view.
You hit the kobold.
You kill the kobold!
You hit the quokka.
The quokka is almost dead.
The quokka bites you but does no damage.
The quokka closely misses you.
A quokka is nearby!
You hit the quokka.
You kill the quokka!
A goblin comes into view. It is wielding a +0 dagger.
A goblin is nearby!
A goblin is nearby!
A goblin is nearby!
A kobold comes into view. It is wielding a +0 whip.
The kobold shouts!
You hear a shout!
A goblin comes into view. It is wielding a +0 club.
You see here a quokka corpse.
A goblin comes into view. It is wielding a +0 dagger. x2
The kobold closely misses you.
You slash the kobold!
You kill the kobold!
The goblin hits you with a +0 club.
You see here a +0 whip.
You slash the goblin!
You kill the goblin!
You have reached level 2!
Your demonic ancestry asserts itself...
Your fingernails lengthen.
Are you sure you want to abandon this character and quit the game? (Confirm with "yes".)

.# #.#####.# ###
.######.####..# ...
.#............# ..g
.#.####.#####.#####.##.
.#.####.# ##..........
........# #.)....###
######.## #.##†...# #.
#: ##.##.# ######. ..
#@# # ....... .......)#
##### ######... ..g..
....... .#.......
#.##....##. . ...... ..


You could see a goblin.

Vanquished Creatures
  An endoplasm (D:1)
  2 goblins (D:1)
  2 kobolds (D:1)
  A quokka (D:1)
  A ball python (D:1)
7 creatures vanquished.

Notes
Turn   | Place    | Note
-------+----------+-------------------------------------------
     0 | D:1      | Nedwor the Demonspawn Gladiator began the quest for the
                  | Orb.
     0 | D:1      | Reached XP level 1. HP: 16/16 MP: 1/1
   119 | D:1      | Gained mutation: You have sharp fingernails. [demonic
                  | ancestry]
   119 | D:1      | Reached XP level 2. HP: 17/22 MP: 2/2
   119 | D:1      | Quit the game

Illustrated notes

Levels and vault maps discovered:
D:1:      minmay_arrival_nine_rooms, layout_loops_ring,
          shapermc_ecumenical_altar_ellora, chequers_serial_rivers_micro_b

Action                   || total
-------------------------++-------
Melee: Long sword        ||    11
Armor: Leather armour    ||     4
Dodge: Dodged            ||     6

Table legend: (Time is in decaauts)
 A = Elapsed time spent in this place.
 B = Non-inter-level travel time spent in this place.
 C = Inter-level travel time spent in this place.
 D = Time resting spent in this place.
 E = Time spent auto-exploring this place.
 F = Levels seen in this place.
 G = Mean time per level.
                   A        B        C        D        E       F      G
               +--------+--------+--------+--------+--------+-----+--------+
         Total |    121 |    121 |      0 |      0 |     89 |   1 |  121.0 |
       Dungeon |    121 |    121 |      0 |      0 |     89 |   1 |  121.0 |
               +--------+--------+--------+--------+--------+-----+--------+

Top non-repeatable levels by time:
     D:1: 121 daAuts
